 Dungeon Crawl Stone Soup version 0.29.0-3-gbb0933ed62 (webtiles) character file.

Game seed: 1105181558862418462

12861 Zeld the Destroyer (level 11, -7/88 HPs)
             Began as a Red Draconian Conjurer on Aug 25, 2022.
             Was an Initiate of Gozag.
             Mangled by a boulder beetle (41 damage)
             ... on level 11 of the Dungeon.
             The game lasted 00:31:47 (19789 turns).

Zeld the Destroyer (Red Draconian Conjurer)        Turns: 19789, Time: 00:31:48

Health: -7/88      AC: 14    Str: 10    XL:     11   Next: 68%
Magic:  22/26      EV: 12    Int: 22    God:    Gozag
Gold:   710        SH:  0    Dex: 10    Spells: 8/33 levels left

rFire   + + +      SeeInvis .   r - +1 whip (venom)
rCold   + + +      Faith    .   (no shield)
rNeg    . . .      Spirit   .   (body armour unavailable)
rPois   .          Reflect  .   u - +2 hat
rElec   .          Harm     .   (no cloak)
rCorr   +          Rampage  .   j - +2 pair of gloves "Veahal" {rF++ Will+}
Will    +....                   c - +1 pair of boots "Terghun" {rC+++ Will- rCorr Stlth+}
Stlth   +++.......              (no amulet)
HPRegen 0.24/turn               v - ring of protection from cold
MPRegen 0.20/turn               n - ring of willpower

@: no status effects
A: breathe fire, AC +7, unfitting armour, fire resistance 1, cold-blooded
a: Breathe Fire, Renounce Religion, Potion Petition, Call Merchant, Bribe Branch


You were on level 11 of the Dungeon.
You worshipped Gozag.
Gozag was pleased with you.
You visited 2 branches of the dungeon, and saw 12 of its levels.
You also visited: Bailey.

You collected 2796 gold pieces.
You spent 750 gold pieces at shops.
You paid 1336 gold pieces to Gozag.

Inventory:

Hand Weapons
 r - a +1 whip of venom (weapon)
 s - a +2 triple sword of holy wrath
Armour
 c - the +1 pair of boots "Terghun" (worn) {rC+++ Will- rCorr Stlth+}
   (You acquired it on level 9 of the Dungeon)

   rC:        It renders you almost immune to cold.
   rCorr:     It protects you from acid and corrosion.
   Will:      It decreases your willpower.
   Stlth:     It makes you more stealthy.
 j - the +2 pair of gloves "Veahal" (worn) {rF++ Will+}
   (You acquired it on level 9 of the Dungeon)

   rF:        It greatly protects you from fire.
   Will:      It increases your willpower.
 u - a +2 hat (worn)
Jewellery
 g - a ring of positive energy
 n - a ring of willpower (right hand)
 v - a ring of protection from cold (left hand)
Wands
 o - a wand of mindburst (4)
 y - a wand of polymorph (3)
 G - a wand of iceblast (7)
Scrolls
 b - 2 scrolls of silence
 d - a scroll of summoning {unknown}
 e - 3 scrolls of enchant armour
 i - a scroll of fear
 k - a scroll of poison
 l - a scroll of amnesia
 p - a scroll of torment {unknown}
 q - 2 scrolls of brand weapon
 F - a scroll of enchant weapon
Potions
 a - a potion of magic
 f - a potion of might {unknown}
 h - a potion of flight {unknown}
 m - 2 potions of lignification {unknown}
 t - 2 potions of haste {unknown}
 w - 2 potions of mutation {unknown}
 x - 2 potions of degeneration {unknown}
 z - 2 potions of heal wounds {unknown}
 A - 4 potions of curing {unknown}
 B - 3 potions of cancellation {unknown}
 C - 3 potions of invisibility
 D - a potion of berserk rage {unknown}
 E - a potion of resistance {unknown}


   Skills:
 * Level 5.5 Fighting
 - Level 3.0 Dodging
 - Level 3.0 Stealth
 * Level 11.6 Spellcasting
 - Level 12.0 Conjurations
 - Level 2.0 Hexes
 - Level 2.0 Translocations
 * Level 6.0 Fire Magic


You had 8 spell levels left.
You knew the following spells:

 Your Spells              Type           Power      Damage    Failure   Level
a - Magic Dart            Conj           100%       1d8       1%          1
b - Searing Ray           Conj           100%       2d8       1%          2
c - Fulminant Prism       Conj/Hex       21%        3d13      3%          4
d - Iskenderun's Mystic   Conj/Tloc      43%        2d10      3%          4
e - Fireball              Conj/Fire      25%        3d11      3%          5
f - Starburst             Conj/Fire      25%        6d8       19%         6
g - Inner Flame           Hex/Fire       30%        N/A       3%          3

Your spell library contained the following spells:

 Spells                   Type           Power      Damage    Failure   Level
 Scorch                   Fire           78%        2d8       1%          2
 Conjure Flame            Conj/Fire      51%        6-21      1%          3
 Dazzling Flash           Conj/Hex       86%        N/A       1%          3
 Apportation              Tloc           42%        N/A       2%          1
 Necrotise                Necr           48%        1d6       5%          1
 Summon Small Mammal      Summ           48%        N/A       5%          1
 Summon Guardian Golem    Hex/Summ       17%        N/A       11%         3
 Call Canine Familiar     Summ           12%        N/A       16%         3
 Frozen Ramparts          Ice            24%        1d4       16%         3
 Ozocubu's Armour         Ice            12%        N/A       16%         3
 Orb of Destruction       Conj           30%        9d10      32%         7
 Ice Form                 Ice/Tmut       12%        N/A       45%         4
 Summon Ice Beast         Ice/Summ       12%        N/A       45%         4
 Spellforged Servitor     Conj/Summ      19%        N/A       98%         7
 Summon Cactus Giant      Summ           6%         N/A       100%        6
 Ozocubu's Refrigeration  Ice            6%         4d8       100%        7
 Borgnjor's Revivificati  Necr           6%         N/A       100%        8
 Necromutation            Tmut/Necr      6%         N/A       100%        8
 Death's Door             Necr           6%         N/A       100%        9
 Fire Storm               Conj/Fire      25%        8d7       100%        9
 Animate Armour           Summ/Erth      Unusable   N/A       N/A         4

Dungeon Overview and Level Annotations

Branches:
Dungeon (11/15)            Temple (1/1) D:6            Lair (0/5) D:8
 Bailey (visited)
    Orc: D:9-12

Altars:
Ashenzari
Cheibriados
Dithmenos
Elyvilon
Fedhas
Gozag
Hepliaklqana
Kikubaaqudgha
Makhleb
Nemelex Xobeh
Okawaru
Qazlal
Ru
Sif Muna
Trog
Uskayaw
Vehumet
Wu Jian
Xom
Yredelemnul
Zin
The Shining One

Shops:
D:6 :   D:8 :   D:10 :

Annotations:
D:3 3 runed translucent doors, snackwell's ghost, amateur DsBe


Innate Abilities, Weirdness & Mutations

You can breathe blasts of fire.
Your fiery red scales are hard. (AC +7)
You cannot fit into any form of body armour.
Your flesh is heat resistant. (rF+)
You are cold-blooded and may be slowed by cold attacks.


Message History

Confirm with . or Enter, or press ? or * to list all spells.
Aiming: Inner Flame (mildly dangerous; 3% risk of failure)
Press: ? - help, Dir - move target, f - boulder beetle
Aim: a boulder beetle (wandering, hasn't noticed you, chance to affect: 71%)
The boulder beetle struggles to resist.
The boulder beetle curls into a ball and begins rolling!
Unknown command.
You close the door.
You start resting.
Magic restored.
You start waiting.
A boulder beetle comes into view.
The cyclops shouts!
You hit the boulder beetle but do no damage.
You tail-slap the boulder beetle.
The boulder beetle is lightly wounded.
As you read the scroll of fear, it crumbles to dust.
You assume a fearsome visage.
The boulder beetle looks frightened! x2
The cyclops looks frightened!
The boulder beetle leaps! x2
The boulder beetle leaps! x2
The boulder beetle curls into a ball and begins rolling! x2
The boulder beetle hits you!!!
Ouch! That really hurt!
The boulder beetle stops rolling and uncurls.
You barely miss the boulder beetle.
Your attack snaps the boulder beetle out of its fear.
The boulder beetle is lightly wounded.
The boulder beetle closely misses you.
Casting: Inner Flame (mildly dangerous; 3% risk of failure)
Confirm with . or Enter, or press ? or * to list all spells.
You erupt in a blast of force!
The mystic blast hits the boulder beetle but does no damage.
The boulder beetle is lightly wounded.
The boulder beetle leaps!
Unknown command.
Unknown command.
The boulder beetle attacks as you move away!
The boulder beetle hits you!!!
You die...
Your body crumbles into a pile of gold.

'.....#.........#....
#....########.##..##
#.?...# #.##..# +###
###'### #..[..# ...$#
#....)# ####.## #.$.#
##..°.## #.# '...#
#...°.# #.# ##.##
##...B## #.# .#
#B..)@###### #.# $##
##...?###...#######.###
.$#
#.....'.#.#..[.........
.##
##...##..(..######...#.
.'... #... ####.##
#...... ##... ##.# #.#
##...## # .... #[ #.#
##.## # ... ## ####.#
#.# .. #....# #.#


You could see 2 boulder beetles.

Vanquished Creatures
  A hydra (D:11)
  A two-headed ogre (D:10)
  A centaur warrior (D:11)
  2 deep elf pyromancers
  An orc knight (Bailey)
  2 cyclopes (D:11)
  Maggie (D:10)
  2 gargoyles
  A kobold demonologist (D:11)
  An unseen horror (D:11)
  A slime creature (D:11)
  A shadow (D:11)
  2 vampires
  7 yaks
  Grum (D:11)
  A steam dragon (D:6)
  Menkaure (D:4)
  An acid dragon (D:9)
  2 water moccasins (D:7)
  10 orc warriors
  A black bear (D:5)
  3 ogres
  2 centaurs
  4 wolves
  6 bullfrogs
  4 necrophages
  6 scorpions
  12 wights (D:8)
  13 killer bees
  9 howler monkeys
  A jelly (D:5)
  2 hounds
  5 orc priests
  9 iguanas
  14 orc wizards
  8 adders
  3 shadow imps
  2 white imps (D:5)
  An ufetubus (D:6)
  3 dart slugs
  55 orcs
  3 ball pythons
  6 bats
  8 endoplasms
  7 giant cockroaches
  11 goblins
  10 hobgoblins
  2 jackals (D:2)
  7 kobolds
  7 quokkas
  5 frilled lizards
  3 rats
  A fulminant prism (D:9)
273 creatures vanquished.

Vanquished Creatures (others)
  3 fulminant prisms
3 creatures vanquished.

Grand Total: 276 creatures vanquished

Notes
Turn   | Place    | Note
-------+----------+-------------------------------------------
     0 | D:1      | Zeld the Draconian Conjurer began the quest for the Orb.
     0 | D:1      | Reached XP level 1. HP: 14/14 MP: 3/3
   143 | D:1      | Reached XP level 2. HP: 20/20 MP: 0/5
   317 | D:1      | Learned a level 2 spell: Searing Ray
   969 | D:1      | Reached XP level 3. HP: 26/26 MP: 3/6
  2581 | D:3      | Found a glowing golden altar of the Shining One.
  2662 | D:3      | Found a runed translucent gate.
  2665 | D:3      | Found a runed translucent gate.
  2666 | D:3      | Found a runed translucent gate.
  2667 | D:3      | Noticed snackwell's ghost (amateur DsBe)
  2764 | D:3      | Found a broken altar of Ashenzari.
  3042 | D:3      | Reached XP level 4. HP: 33/33 MP: 1/8
  3251 | D:3      | Noticed an ogre
  3455 | D:3      | Killed an ogre
  3456 | D:3      | Reached XP level 5. HP: 38/38 MP: 2/10
  3590 | D:3      | Learned a level 4 spell: Fulminant Prism
  3596 | D:3      | Reached skill level 5 in Conjurations
  3805 | D:4      | Noticed Menkaure
  3805 | D:4      | Noticed an ogre
  4090 | D:4      | Noticed an ogre
  4111 | D:4      | Killed an ogre
  4112 | D:4      | Reached XP level 6. HP: 38/45 MP: 1/11
  4197 | D:4      | Learned a level 4 spell: Iskenderun's Mystic Blast
  4564 | D:4      | Killed Menkaure
  4565 | D:4      | Reached skill level 6 in Conjurations
  4713 | D:4      | Your scales start taking on a fiery red colour.
  4713 | D:4      | Reached XP level 7. HP: 50/50 MP: 6/13
  4713 | D:4      | Gained mutation: Your flesh is heat resistant. (rF+) [Red
                  | Draconian growth]
  4922 | D:4      | Found a hazy altar of Hepliaklqana.
  4957 | D:4      | Found a sparkling altar of Nemelex Xobeh.
  5087 | D:5      | Entered Level 5 of the Dungeon
  5110 | D:5      | Reached skill level 5 in Spellcasting
  5228 | D:5      | Found an iron altar of Okawaru.
  5684 | D:5      | Reached skill level 7 in Conjurations
  6042 | D:5      | Reached XP level 8. HP: 51/57 MP: 2/16
  6493 | D:5      | Found a hide-covered altar of Uskayaw.
  7008 | D:6      | Reached skill level 8 in Conjurations
  7328 | D:6      | Found a staircase to the Ecumenical Temple.
  7336 | D:6      | Got Sif Muna's Parchment of Ignition
  7349 | Temple   | Entered the Ecumenical Temple
  7370 | Temple   | Became a worshipper of Gozag Ym Sagoz the Greedy
  7375 | Temple   | Learned a level 3 spell: Inner Flame
  7382 | Temple   | Learned a level 6 spell: Starburst
  7772 | D:6      | Reached skill level 1 in Translocations
  7828 | D:6      | Found Poxkyi Reumo's Vocational Training.
  7838 | D:6      | Reached skill level 1 in Hexes
  8467 | D:7      | Reached XP level 9. HP: 36/62 MP: 13/19
  9508 | D:7      | Reached skill level 9 in Conjurations
 10519 | D:8      | Found a staircase to the Lair.
 10954 | D:8      | Reached skill level 10 in Conjurations
 11023 | D:8      | Found an ornate altar of the Wu Jian Council.
 11683 | D:9      | Identified 2 scrolls of acquirement
 11692 | D:9      | Acquired the +1 pair of boots "Terghun" {rC+++ Will- rCorr
                  | Stlth+}
 11709 | D:9      | Acquired the +2 pair of gloves "Veahal" {rF++ Will+}
 12137 | D:8      | Reached XP level 10. HP: 64/69 MP: 10/23
 12838 | D:9      | Reached skill level 11 in Conjurations
 13531 | D:9      | Reached skill level 10 in Spellcasting
 13804 | D:10     | Entered Level 10 of the Dungeon
 13813 | D:10     | Found Xuwaum's Antique Weapon Emporium.
 13867 | D:10     | Found a flagged portal.
 13903 | Bailey   | Entered a bailey
 14091 | Bailey   | Noticed an orc knight
 14095 | Bailey   | Found a large runed translucent door.
 14095 | Bailey   | Found a large runed translucent door.
 14095 | Bailey   | Noticed a deep elf pyromancer
 14466 | Bailey   | Killed a deep elf pyromancer
 14702 | Bailey   | Acquired 1012 gold pieces
 15521 | Bailey   | Killed an orc knight
 15522 | Bailey   | Reached skill level 12 in Conjurations
 15832 | D:8      | Bought Sif Muna's Octavo of Flaming Accomplices for 750
                  | gold pieces
 15839 | D:8      | Learned a level 5 spell: Fireball
 15894 | D:10     | Noticed a two-headed ogre
 15899 | D:10     | Killed a two-headed ogre
 15900 | D:10     | Reached skill level 1 in Fighting
 15900 | D:10     | Reached skill level 1 in Fire Magic
 16188 | D:10     | Reached XP level 11. HP: 70/78 MP: 3/25
 16411 | D:10     | Noticed Maggie
 16416 | D:10     | Killed Maggie
 16794 | D:10     | Identified the +0 robe "Noelaegy" {*Slow rElec Dex+3
                  | Archmagi}
 17535 | D:11     | Noticed an eight-headed hydra
 17597 | D:11     | Killed an eight-headed hydra
 18196 | D:11     | Noticed a centaur warrior
 18793 | D:11     | Noticed Grum
 18797 | D:11     | Killed Grum
 19026 | D:11     | Noticed a deep elf pyromancer
 19029 | D:11     | Reached skill level 5 in Fire Magic
 19029 | D:11     | Killed a deep elf pyromancer
 19030 | D:11     | Noticed a white ugly thing
 19310 | D:11     | Noticed a centaur warrior
 19316 | D:11     | Killed a centaur warrior
 19317 | D:11     | Reached skill level 5 in Fighting
 19670 | D:11     | Found the +11 plutonium sword {Contam Stlth-}
 19676 | D:11     | Noticed a boulder beetle
 19780 | D:11     | Noticed a boulder beetle
 19789 | D:11     | Mangled by a boulder beetle

Illustrated notes

Levels and vault maps discovered:
D:1:      grunt_arrival_crossed_arrows, layout_basic, serial_curves,
          eino_curves_04, eino_curves_02, nicolae_kite_square_tiling_tiny,
          chequers_mini_garden
D:2:      layout_loops_cross
D:3:      layout_loops_cross, nicolae_ashenzari_panopticon, marbit_many_paths,
          gammafunk_ghost_necromancy
D:4:      layout_loops_cross, mainiacjoe_overflow_two_lobes, uniq_menkaure
D:5:      layout_basic, mainiacjoe_overflow_chevrons, okawaru_gym_becter,
          kennysheep_small_square
D:6:      layout_basic, minmay_temple_entry_offerings, nicolae_shop_vocational
D:7:      layout_basic, amcnicky_mini_pool_small
D:8:      layout_loops_corners, mainiacjoe_overflow_small_starburst,
          lair_entry_dummy
D:9:      layout_basic
D:10:     layout_gridville, serial_shops, nicolae_shop_crystal, enter_bailey_5,
          uniq_maggie
D:11:     nicolae_hexawheel, layout_loops_corners, uniq_grum
Temple:   eino_wide_crystal_templ

Skill      XL: |  1  2  3  4  5  6  7  8  9 10 11 |
---------------+----------------------------------+-----
Stealth        | 2 3 |  3.0
Dodging        | 2 3 |  3.0
Spellcasting   | 3 4 5 7 9 10 11 | 11.6
Conjurations   | 5 6 7 8 10 12 | 12.0
Translocations | 1 2 |  2.0
Hexes          | 1 2 |  2.0
Fighting       | 1 5 |  5.5
Fire Magic     | 1 6 |  6.0

Action                   |  1- 3 |  4- 6 |  7- 9 | 10-12 || total
-------------------------+-------+-------+-------+-------++-------
Melee: Unarmed           |    35 |       |       |       ||    35
       Tailslap          |     5 |     3 |    30 |     6 ||    44
       Whip              |       |    32 |   237 |    66 ||   335
       Punch             |       |       |     3 |       ||     3
 Cast: Magic Dart        |    98 |    23 |    12 |     3 ||   136
       Searing Ray       |       |     8 |    26 |     3 ||    37
       Iskenderun's Myst |       |       |    54 |    70 ||   124
       Fireball          |       |       |       |    35 ||    35
       Inner Flame       |       |       |       |    21 ||    21
       Fulminant Prism   |       |       |       |     4 ||     4
Invok: Call Merchant     |       |       |       |     2 ||     2
 Abil: Breathe Fire      |       |       |    13 |     3 ||    16
Evoke: Wand              |       |       |       |    12 ||    12
  Use: Scroll            |       |       |    16 |     8 ||    24
 Stab: Sleeping          |       |     3 |     4 |       ||     7
Armor: Skin              |    24 |    12 |   161 |    75 ||   272
Dodge: Dodged            |    40 |    34 |   192 |   100 ||   366
